 Dungeon Crawl Stone Soup version 0.20-a0-633-gff4aa5c (webtiles) character file.

267287 George the Executioner (level 20, -2/189 HPs)
             Began as a Hill Orc Fighter on Feb 11, 2017.
             Was the Champion of Qazlal.
             Slain by a guardian serpent (15 damage)
             ... summoned by a halazid warlock
             ... in the Desolation of Salt.
             The game lasted 01:36:27 (40290 turns).

George the Executioner (Hill Orc Fighter)          Turns: 40290, Time: 01:36:28

Health: -2/189     AC: 22    Str: 20    XL:     20   Next: 12%
Magic:  33/33      EV: 18    Int: 12    God:    Qazlal [******]
Gold:   1651       SH: 11    Dex: 13    Spells: 19/19 levels left

rFire    + . .     SeeInvis +   O - +11 battleaxe of the Saviour {chop, rElec rF+ rN+ Str-5}
rCold    + . .     Gourm    .   q - +2 scale mail of Intuition {rN++ Str-4 Int+4 Slay+3}
rNeg     + + +     Faith    .   (shield currently unavailable)
rPois    +         Spirit   .   n - +0 hat {MR+}
rElec    +         Reflect  +   k - +2 cloak
rCorr    .         Harm     .   W - +0 pair of gloves of Walec {rPois rC+ SInv Stlth+}
MR       +++..                  z - +2 pair of boots "Iqefatro" {rElec Str+4}
Stlth    +.........             Z - +3 amulet of reflection
Regen    0.5/turn               M - +3 ring of evasion
                                g - ring of protection from magic

@: repel missiles
A: no striking features
}: 2/15 runes: decaying, serpentine
a: Upheaval, Elemental Force, Disaster Area, Renounce Religion


You were in the Desolation of Salt.
You worshipped Qazlal.
Qazlal was exalted by your worship.
You were not hungry.

You visited 7 branches of the dungeon, and saw 34 of its levels.
You also visited: Desolation.

You collected 3181 gold pieces.
You spent 1530 gold pieces at shops.

Inventory:

Hand Weapons
 i - the +6 hand axe of the Wilderness {antimagic, rF+ rC+ MR+ SInv}
   (You found it on level 2 of the Swamp)

   It reduces the magical energy of the wielder, and disrupts the spells and
   magical abilities of those hit.
   Natural abilities and divine invocations are not affected.
   It protects you from fire.
   It protects you from cold.
   It affects your resistance to hostile enchantments.
   It lets you see invisible.
 x - a +1 broad axe of venom
 O - the +11 battleaxe of the Saviour (weapon) {chop, rElec rF+ rN+ Str-5}
   (You bought it in a shop on level 9 of the Dungeon)

   It inflicts extra damage upon your enemies.
   It affects your strength (-5).
   It protects you from fire.
   It insulates you from electricity.
   It protects you from negative energy.
Armour
 k - a +2 cloak (worn)
 n - a +0 hat of magic resistance (worn)
 q - the +2 scale mail of Intuition (worn) {rN++ Str-4 Int+4 Slay+3}
   (You found it on level 4 of the Dungeon)

   It affects your strength (-4).
   It affects your intelligence (+4).
   It affects your accuracy and damage with ranged weapons and melee attacks
   (+3).
   It greatly protects you from negative energy.
 u - the +2 shield of Resistance {rF+ rC+ MR+}
   (You found it on level 9 of the Dungeon)

   It protects you from fire.
   It protects you from cold.
   It affects your resistance to hostile enchantments.
 z - the +2 pair of boots "Iqefatro" (worn) {rElec Str+4}
   (You bought it in a shop on level 2 of the Orcish Mines)

   It affects your strength (+4).
   It insulates you from electricity.
 W - the +0 pair of gloves of Walec (worn) {rPois rC+ SInv Stlth+}
   (You acquired it on level 15 of the Dungeon)

   It protects you from cold.
   It protects you from poison.
   It lets you see invisible.
   It makes you more stealthy.
Jewellery
 g - a ring of protection from magic (left hand)
 p - an uncursed amulet of faith
 M - a +3 ring of evasion (right hand)
 P - an uncursed ring of positive energy
 Q - an uncursed ring of protection from cold
 Z - a +3 amulet of reflection (around neck)
Wands
 a - a wand of lightning (13/15)
 c - a wand of disintegration (14/24)
 e - a wand of iceblast (7/15)
 v - a wand of lightning (13/15)
 B - a wand of iceblast (15/15)
 H - a wand of lightning (4/15)
 R - a wand of iceblast (11/15)
 S - a wand of lightning (9/15)
 T - a wand of iceblast (4/15)
 U - a wand of acid (10/15)
 V - a wand of disintegration (9/24)
 X - a wand of digging (18/24)
Scrolls
 b - 8 scrolls of magic mapping
 j - 5 scrolls of enchant weapon
 m - 10 scrolls of enchant armour
 o - 7 scrolls of recharging
 s - a scroll of holy word
 w - 8 scrolls of immolation
 y - 8 scrolls of remove curse
 C - 4 scrolls of identify
 F - 6 scrolls of teleportation
 I - 8 scrolls of blinking
 N - a scroll of summoning
Potions
 d - 6 potions of might
 h - 8 potions of flight
 r - 16 potions of curing
 t - a potion of cancellation
 A - 3 potions of magic
 G - 5 potions of haste
 K - a potion of resistance
 L - 6 potions of agility
 Y - 2 potions of heal wounds
Miscellaneous
 E - a phial of floods
Comestibles
 f - 20 bread rations
 l - 24 meat rations
 D - 14 royal jellies
 J - 3 fruits


   Skills:
 + Level 18.6 Fighting
 + Level 23.0 Axes
 + Level 17.6 Armour
 + Level 9.1 Dodging
 - Level 3.2 Shields
 + Level 19.8 Invocations


You had 19 spell levels left.
You didn't know any spells.

Dungeon Overview and Level Annotations

Branches:
Dungeon (15/15)            Temple (1/1) D:7            Lair (6/6) D:9
  Swamp (4/4) Lair:4        Snake (4/4) Lair:4        Slime (0/5) Lair:6
    Orc (2/2) D:12            Elf (0/3) Orc:2        Vaults (2/5) D:14
 Depths (0/5) D:15
  Crypt: Vaults:2-3

Altars:
Ashenzari
Cheibriados
Dithmenos
Elyvilon
Fedhas
Gozag
Hepliaklqana
Kikubaaqudgha
Makhleb
Nemelex Xobeh
Okawaru
Qazlal
Ru
Sif Muna
Trog
Uskayaw
Vehumet
Xom
Yredelemnul
Zin
The Shining One
Beogh
Jiyva

Shops:
D:4 }   D:9 (   Orc:2 [?:(   Snake:2 =}}!   Snake:3 ?   Snake:4 ?

Annotations:
Lair:3 exclusion: oklob plant


Message History

Unknown command.
Press: ? - help, v - describe, . - travel The floor.
Unknown command.
The guardian serpent shouts!
You hear a roar!
A saltling comes into view.
You hear a roar!
A saltling comes into view.
A peacekeeper comes into view.
The peacekeeper roars!
You hear a shout! x3; You hear a roar!
You hear a shout!
The crystal guardian fires a crystalline bolt at you.
The crystal bolt misses you.
The guardian serpent is engulfed in blazing flames.
You slash the guardian serpent!
The guardian serpent is heavily wounded.
The guardian serpent barely misses you.
You hit the guardian serpent.
The guardian serpent is heavily wounded.
The guardian serpent hits you!
You die...

................
§..............#....
....................
#..................
.#..................
....8.......∩.......
....8§§§............
.........§§.∩.......
..8....@S8.88.......
§§§..§#.§§..L.......
§§§§................
§§§§................
§§§§...............
§§§§§...............
§§§.............#...
§§..............


You could see a halazid warlock, a crystal guardian, a peacekeeper, a guardian
serpent and 4 saltlings.

Vanquished Creatures
  Margery (Vaults:2)
  Vashnia (Snake:3)
  Nikola (Swamp:3)
  Jorgrun (Swamp:2)
  Asterion (Snake:1)
  Frances (D:11)
  Kirke (D:13)
  A thorn hunter (Swamp:1)
  Donald (Lair:4)
  7 nagarajas
  Aizul (Snake:4)
  A deep elf sorcerer (Vaults:1)
  A vault warden (Vaults:1)
  3 ironheart preservers
  An entropy weaver (Vaults:1)
  2 deep elf demonologists (Vaults:2)
  5 dire elephants (Lair:6)
  A deep elf annihilator (Vaults:1)
  An ettin (Vaults:2)
  2 deep elf death magi (Vaults:2)
  Snorg (D:12)
  2 fire dragons (D:9)
  Josephine (D:10)
  A servant of whispers (Desolation)
  11 naga warriors
  2 great orbs of eyes (Vaults:1)
  2 ghost crabs (Swamp:4)
  5 ice dragons
  11 anacondas
  13 hydras
  5 ogre magi
  A two-headed ogre (shapeshifter) (D:14)
  18 two-headed ogres
  3 centaur warriors
  A deep troll shaman (Vaults:1)
  12 death yaks
  10 alligators
  A tengu warrior (D:13)
  2 deep troll earth magi (Vaults:1)
  21 naga sharpshooters
  2 hell knights (Vaults:2)
  An orc high priest (Orc:2)
  Nergalle (Orc:2)
  9 shock serpents
  Sonja (D:12)
  The ghost of junb69 the Ruffian, a novice DrTm of Ashenzari (D:8)
  11 skeletal warriors
  2 salamander mystics
  A flayed ghost (D:15)
  2 deep trolls (Vaults:1)
  3 unseen horrors
  A glowing orange brain (Vaults:2)
  10 naga ritualists
  7 swamp dragons
  A shambling mangrove (Swamp:1)
  5 ironbrand convokers
  5 orc knights
  5 necromancers
  2 deep elf archers (Vaults:1)
  9 mana vipers
  8 deep elf magi
  A lindwurm (Lair:5)
  A wolf spider (Vaults:1)
  A wolf spider zombie (D:15)
  24 ugly things
  A fire giant zombie (D:15)
  2 cyclopes
  9 orc sorcerers
  A sphinx skeleton (D:15)
  11 salamanders
  A salamander (shapeshifter) (Vaults:1)
  A manticore (D:15)
  4 elephants (Lair:6)
  A fire giant skeleton (D:15)
  Psyche (D:8)
  A frost giant skeleton (Vaults:2)
  27 black mambas
  28 naga magi
  Joseph (D:10)
  2 gargoyles
  16 spiny frogs
  A storm dragon simulacrum (Vaults:2)
  An elf skeleton (D:15)
  5 centaur skeletons
  4 freezing wraiths (Swamp:4)
  8 komodo dragons
  2 efreet
  A rime drake (Lair:6)
  7 yaktaurs
  A guardian mummy (D:15)
  9 trolls
  4 tyrant leeches
  A human skeleton (Vaults:2)
  3 meliai (D:13)
  5 polar bears
  Prince Ribbit (D:8)
  23 slime creatures
  9 saltlings
  11 hornets
  A blink frog (shapeshifter) (D:14)
  A blink frog (Lair:5)
  11 hippogriffs
  The ghost of junkhipster the Shield-Bearer, an amateur GrFi (D:4)
  4 bog bodies
  A frost giant simulacrum (Vaults:1)
  4 shadows
  Sigmund (D:2)
  4 spriggans
  4 wyverns
  2 vampires
  60 yaks
  8 wraiths
  A basilisk (shapeshifter) (D:15)
  A golden eye (shapeshifter) (Vaults:1)
  6 swamp worm simulacra (Swamp:4)
  31 vampire mosquitoes
  4 hogs (D:13)
  3 hungry ghosts
  8 wargs
  2 steam dragons
  A naga (shapeshifter) (D:14)
  28 swamp worms
  7 insubstantial wisps
  A soldier ant (D:13)
  10 water moccasins
  46 nagas
  17 hydra simulacra (Swamp:4)
  2 acid dragons (D:14)
  6 swamp drakes
  5 porcupines
  26 orc warriors
  3 sky beasts
  3 black bears
  4 ice beasts
  An eye of draining (shapeshifter) (D:14)
  2 phantoms
  2 necrophages
  3 eyes of draining
  14 ogres
  A tengu (shapeshifter) (D:14)
  11 wolves
  11 centaurs
  15 crocodiles
  A big kobold (D:14)
  A gnoll sergeant (D:8)
  2 human zombies (Vaults:2)
  14 bullfrogs
  An ogre simulacrum (Vaults:1)
  A wyvern zombie (D:10)
  A scorpion (D:10)
  A water moccasin skeleton (D:8)
  11 killer bees
  2 electric eels
  5 howler monkeys
  3 centaur zombies
  3 quasits
  7 bullfrog zombies
  10 crimson imps
  4 hounds
  2 human simulacra
  3 jellies
  4 bullfrog skeletons
  19 orc priests
  45 orc wizards
  Crazy Yiuf (D:4)
  Ijyb (D:2)
  4 iguanas
  11 worker ants
  3 hound zombies
  3 worker ant zombies
  Robin (D:2)
  4 gnolls (D:8)
  A howler monkey skeleton (D:4)
  13 adders
  A shadow imp (D:4)
  2 swamp drake simulacra (Swamp:4)
  4 oozes
  An adder skeleton (D:4)
  An adder zombie (D:4)
  4 worms
  2 dart slugs
  8 leopard geckos
  96 orcs
  4 giant cockroaches
  11 goblins
  12 hobgoblins
  7 quokkas
  A ball python (D:2)
  8 bats
  4 frilled lizards
  14 kobolds
  A leopard gecko zombie (D:6)
  12 rats
  A bush (Lair:3)
  A fungus (Lair:3)
  7 plants
1235 creatures vanquished.

Vanquished Creatures (collateral kills)
  A fungus (Lair:2)
1 creature vanquished.

Vanquished Creatures (others)
  A ragged hierophant (Desolation)
  An alligator (Swamp:4)
  4 naga sharpshooters
  A salamander mystic (Snake:3)
  A centaur skeleton (D:15)
  3 nagas
  2 swamp drakes (Swamp:4)
  An orc wizard (Orc:2)
  A bush (Lair:3)
  6 fungi
  7 plants
28 creatures vanquished.

Grand Total: 1264 creatures vanquished

Notes
Turn   | Place    | Note
-------+----------+-------------------------------------------
     0 | D:1      | George the Hill Orc Fighter began the quest for the Orb.
     0 | D:1      | Reached XP level 1. HP: 19/19 MP: 1/1
    68 | D:1      | Reached skill level 3 in Axes
    96 | D:1      | Reached XP level 2. HP: 20/26 MP: 2/2
   139 | D:1      | Reached skill level 4 in Axes
   392 | D:1      | Reached XP level 3. HP: 30/31 MP: 1/3
   845 | D:2      | Noticed Ijyb
   847 | D:2      | Reached skill level 5 in Axes
   857 | D:2      | Killed Ijyb
   857 | D:2      | Reached XP level 4. HP: 30/39 MP: 4/4
  1108 | D:2      | Reached skill level 6 in Axes
  1218 | D:2      | You fall through a shaft for 2 floors!
  1237 | D:4      | Got a faintly humming scale mail
  1248 | D:4      | Identified the +2 scale mail of Intuition {rN++ Str-4 Int+4 Slay+3} (You found it on level 4 of the Dungeon)
  1280 | D:4      | Noticed junkhipster's ghost (amateur GrFi)
  1305 | D:4      | Reached XP level 5. HP: 41/45 MP: 5/5
  1310 | D:3      | Reached skill level 7 in Axes
  2052 | D:3      | Reached skill level 8 in Axes
  2052 | D:3      | Reached XP level 6. HP: 48/51 MP: 4/6
  2350 | D:2      | Noticed Robin
  2368 | D:2      | Killed Robin
  2396 | D:2      | Noticed Sigmund
  2412 | D:2      | Killed Sigmund
  2412 | D:2      | Reached skill level 9 in Axes
  2412 | D:2      | Reached XP level 7. HP: 47/57 MP: 7/7
  2554 | D:3      | You fall through a shaft for 3 floors!
  2597 | D:6      | Reached skill level 10 in Axes
  2718 | D:5      | Entered Level 5 of the Dungeon
  2857 | D:4      | Killed junkhipster's ghost
  2857 | D:4      | Reached skill level 11 in Axes
  3504 | D:3      | Reached XP level 8. HP: 48/64 MP: 8/8
  3603 | D:4      | Reached skill level 12 in Axes
  3775 | D:4      | Found Wattag's Gadget Boutique.
  3869 | D:4      | Found a runed door.
  4164 | D:4      | Noticed Crazy Yiuf
  4168 | D:4      | Killed Crazy Yiuf
  4544 | D:5      | Found a shadowy altar of Dithmenos.
  4712 | D:5      | Found a sacrificial altar of Ru.
  4713 | D:5      | Found a shattered altar of Ashenzari.
  4713 | D:5      | Found a hide-covered altar of Uskayaw.
  4715 | D:5      | Found a burning altar of Makhleb.
  4722 | D:5      | Reached skill level 13 in Axes
  4952 | D:5      | Found a sparkling altar of Nemelex Xobeh.
  5041 | D:5      | Found a glowing golden altar of the Shining One.
  5232 | D:5      | Reached skill level 14 in Axes
  5232 | D:5      | Reached XP level 9. HP: 64/70 MP: 7/9
  5981 | D:7      | Found a staircase to the Ecumenical Temple.
  5988 | Temple   | Entered the Ecumenical Temple
  6103 | Temple   | Became a worshipper of Qazlal Stormbringer
  6250 | D:7      | Reached skill level 1 in Invocations
  6665 | D:8      | Reached skill level 15 in Axes
  7554 | D:8      | Noticed junb69's ghost (novice DrTm)
  7585 | D:8      | Killed junb69's ghost
  7585 | D:8      | Reached skill level 5 in Fighting
  7585 | D:8      | Reached skill level 5 in Armour
  7585 | D:8      | Reached XP level 10. HP: 50/81 MP: 9/13
  8051 | D:8      | Noticed a gargoyle
  8074 | D:8      | Killed a gargoyle
  8074 | D:8      | Reached * piety under Qazlal
  8074 | D:8      | Reached skill level 5 in Invocations
  8278 | D:8      | Noticed Psyche
  8288 | D:8      | Killed Psyche
  8433 | D:8      | Noticed Prince Ribbit
  8446 | D:8      | Killed Prince Ribbit
  9126 | D:9      | Found a staircase to the Lair.
  9224 | D:9      | Found a runed door.
  9224 | D:9      | Noticed a fire dragon
  9224 | D:9      | Noticed a fire dragon
  9224 | D:9      | Noticed an ice dragon
  9224 | D:9      | Noticed an ice dragon
  9246 | D:9      | Reached skill level 16 in Axes
  9296 | D:9      | Found a runed door.
  9409 | D:9      | Reached ** piety under Qazlal
  9471 | D:9      | Reached XP level 11. HP: 90/92 MP: 16/16
  9488 | D:9      | Found Zanitzom's Antique Weapon Emporium.
  9504 | D:9      | Bought an ichor-stained battleaxe for 276 gold pieces
  9509 | D:9      | Identified the +11 battleaxe of the Saviour {chop, rElec rF+ rN+ Str-5} (You bought it in a shop on level 9 of the Dungeon)
  9809 | D:10     | Entered Level 10 of the Dungeon
 10237 | D:10     | Noticed a two-headed ogre
 10243 | D:10     | Killed a two-headed ogre
 10396 | D:10     | Noticed Joseph
 10405 | D:10     | Killed Joseph
 10954 | D:10     | Noticed Josephine
 10960 | D:10     | Killed Josephine
 11268 | D:11     | Reached *** piety under Qazlal
 11349 | D:11     | Noticed a green ugly thing
 11356 | D:11     | Killed a green ugly thing
 11558 | D:12     | Noticed Frances
 11566 | D:12     | Found a staircase to the Orcish Mines.
 11581 | D:11     | Noticed a sixfirhy
 11581 | D:11     | HP: 4/96 [hellwing[Frances] (2)]
 11586 | D:11     | Killed Frances
 11586 | D:11     | Reached skill level 17 in Axes
 11586 | D:11     | Reached XP level 12. HP: 6/106 MP: 0/19
 11961 | D:12     | Reached skill level 10 in Invocations
 11968 | D:12     | Reached skill level 10 in Fighting
 12091 | D:12     | Noticed Snorg
 12097 | D:12     | Killed Snorg
 12119 | D:12     | Noticed Sonja
 12124 | D:12     | Killed Sonja
 12482 | D:12     | Noticed a two-headed ogre
 12516 | D:12     | Killed a two-headed ogre
 12705 | D:12     | Noticed a six-headed hydra
 12715 | D:12     | Killed a six-headed hydra
 12941 | D:12     | Noticed a two-headed ogre
 12947 | D:12     | Killed a two-headed ogre
 12947 | D:12     | Reached **** piety under Qazlal
 12947 | D:12     | Reached skill level 10 in Armour
 13053 | D:12     | You fall through a shaft!
 13082 | D:12     | Noticed a two-headed ogre
 13087 | D:12     | Killed a two-headed ogre
 13171 | Lair:1   | Entered Level 1 of the Lair of Beasts
 13264 | Lair:1   | Reached XP level 13. HP: 116/116 MP: 21/21
 13305 | Lair:1   | Reached skill level 18 in Axes
 15778 | Lair:3   | Reached ***** piety under Qazlal
 15874 | Lair:3   | Identified a scroll of acquirement
 16365 | Lair:4   | Found a staircase to the Swamp.
 16435 | Lair:4   | Found a staircase to the Snake Pit.
 17222 | Lair:4   | Reached XP level 14. HP: 93/127 MP: 19/23
 17341 | Lair:5   | Reached skill level 19 in Axes
 18326 | Lair:6   | Entered Level 6 of the Lair of Beasts
 18391 | Lair:6   | Found a viscous altar of Jiyva.
 18391 | Lair:6   | Found a staircase to the Slime Pits.
 19692 | Lair:6   | Noticed a dire elephant
 19704 | Lair:6   | Killed a dire elephant
 19783 | Lair:6   | Noticed a dire elephant
 19789 | Lair:6   | Killed a dire elephant
 19883 | Lair:6   | Noticed a dire elephant
 19892 | Lair:6   | Killed a dire elephant
 20069 | Lair:6   | Noticed a dire elephant
 20069 | Lair:6   | Noticed a dire elephant
 20079 | Lair:6   | Killed a dire elephant
 20083 | Lair:6   | Killed a dire elephant
 20420 | Lair:1   | Reached ****** piety under Qazlal
 20543 | Orc:1    | Entered Level 1 of the Orcish Mines
 20693 | D:12     | Reached XP level 15. HP: 100/137 MP: 17/25
 21368 | Orc:2    | Entered Level 2 of the Orcish Mines
 21382 | Orc:2    | Found a staircase to the Elven Halls.
 21560 | Orc:2    | Reached skill level 15 in Invocations
 21707 | Orc:2    | Found a roughly hewn altar of Beogh.
 22115 | Orc:2    | Found an ancient bone altar of Kikubaaqudgha.
 22116 | Orc:2    | Noticed Nergalle
 22118 | Orc:2    | Found Neucich's Book Shoppe.
 22122 | Orc:2    | Killed Nergalle
 22132 | Orc:2    | Reached skill level 20 in Axes
 22152 | Orc:2    | Found a roughly hewn altar of Beogh.
 22152 | Orc:2    | Found Hixo Vam's Antique Weapon Shoppe.
 22162 | Orc:2    | Found Utzoz's Magic Scroll Emporium.
 22215 | Orc:2    | Found a radiant altar of Vehumet.
 22232 | Orc:2    | Found Zubios's Antique Armour Shoppe.
 22240 | Orc:2    | Bought an embroidered cloak for 202 gold pieces
 22240 | Orc:2    | Bought a pair of bloodstained boots for 256 gold pieces
 22250 | Orc:2    | Identified the +2 pair of boots "Iqefatro" {rElec Str+4} (You bought it in a shop on level 2 of the Orcish Mines)
 22456 | D:13     | Noticed Kirke
 22464 | D:13     | Killed Kirke
 22672 | D:13     | Found a bloodstained altar of Trog.
 23074 | D:14     | Reached skill level 1 in Dodging
 23114 | D:14     | Found a gate to the Vaults.
 23529 | D:14     | Found a basalt altar of Yredelemnul.
 23945 | D:15     | Entered Level 15 of the Dungeon
 23963 | D:15     | Reached skill level 15 in Fighting
 23988 | D:15     | Found a staircase to the Depths.
 24138 | D:15     | Reached XP level 16. HP: 145/149 MP: 27/27
 24201 | D:15     | Got a pair of ichor-stained gloves
 24207 | D:15     | Identified the +0 pair of gloves of Walec {rPois rC+ SInv Stlth+} (You acquired it on level 15 of the Dungeon)
 24468 | D:15     | Found a burning altar of Makhleb.
 25181 | Swamp:1  | Entered Level 1 of the Swamp
 26330 | Swamp:2  | Noticed Jorgrun
 26336 | Swamp:2  | Noticed a thorn hunter
 26350 | Swamp:2  | Killed Jorgrun
 26366 | Swamp:1  | Killed a thorn hunter
 26709 | Swamp:2  | Got a smoking hand axe
 26713 | Swamp:2  | Identified the +6 hand axe of the Wilderness {antimagic, rF+ rC+ MR+ SInv} (You found it on level 2 of the Swamp)
 26999 | Swamp:2  | Reached skill level 21 in Axes
 27105 | Swamp:2  | Reached skill level 15 in Armour
 27952 | Swamp:3  | Reached XP level 17. HP: 150/158 MP: 29/29
 28000 | Swamp:3  | Noticed Nikola
 28114 | Swamp:3  | Killed Nikola
 28470 | Swamp:3  | Reached skill level 5 in Dodging
 28524 | Swamp:4  | Entered Level 4 of the Swamp
 31175 | Swamp:4  | Got a decaying rune of Zot
 31360 | Snake:1  | Entered Level 1 of the Snake Pit
 31360 | Snake:1  | Noticed Donald
 31379 | Lair:4   | Killed Donald
 31773 | Snake:1  | Noticed Asterion
 31959 | Snake:1  | Killed Asterion
 32819 | Snake:2  | Found Cedwaff's Distillery.
 32927 | Snake:2  | Bought a potion of haste for 120 gold pieces
 32927 | Snake:2  | Bought a potion of curing for 36 gold pieces
 32927 | Snake:2  | Bought a potion of curing for 36 gold pieces
 32927 | Snake:2  | Bought 2 potions of curing for 72 gold pieces
 33220 | Snake:2  | Found Cugy's Jewellery Shop.
 33220 | Snake:2  | Found Laj Weloemue's Gadget Emporium.
 33221 | Snake:2  | Found Ucwas's Gadget Emporium.
 33262 | Snake:3  | Noticed Vashnia
 33264 | Snake:3  | Reached XP level 18. HP: 75/168 MP: 30/30
 33598 | Snake:2  | HP: 7/168 [naga warrior/glaive (19)]
 33606 | Snake:2  | HP: 7/168 [poisoned by a naga mage (poison arrow)]
 33614 | Snake:2  | HP: 8/168 [poisoned by a naga mage (poison arrow)]
 34409 | Snake:3  | Killed Vashnia
 34463 | Snake:3  | Reached skill level 22 in Axes
 34720 | Snake:3  | Found Uxiphet's Magic Scroll Emporium.
 35160 | Snake:4  | Entered Level 4 of the Snake Pit
 35163 | Snake:4  | Noticed Aizul
 35181 | Snake:4  | Killed Aizul
 35587 | Snake:4  | Found Zilo Asa's Magic Scroll Shop.
 35594 | Snake:4  | Bought a scroll of blinking for 105 gold pieces
 35594 | Snake:4  | Bought a scroll of enchant weapon for 105 gold pieces
 35594 | Snake:4  | Bought a scroll of brand weapon for 280 gold pieces
 35594 | Snake:4  | Bought a scroll of teleportation for 42 gold pieces
 37332 | Snake:4  | Reached XP level 19. HP: 166/178 MP: 32/32
 37877 | Snake:4  | Got a serpentine rune of Zot
 38534 | Vaults:1 | Entered Level 1 of the Vaults
 40147 | Vaults:2 | Noticed Margery
 40157 | Vaults:2 | Killed Margery
 40159 | Vaults:2 | Reached skill level 23 in Axes
 40220 | Vaults:2 | Noticed a Hell Sentinel
 40221 | Vaults:2 | Reached XP level 20. HP: 50/189 MP: 33/33
 40253 | Vaults:2 | Found a ruined gateway.
 40264 | Desolati | Entered the Desolation of Salt
 40290 | Desolati | Slain by a guardian serpent

Vault maps used:
D:1:      matt_arrival_spirals
D:2:      uniq_robin, uniq_iyjb, uniq_sigmund
D:3:      grunt_ministairs_2
D:4:      minmay_door_path, serial_shops, nicolae_shop_waterfront, first_bread,
          serial_undead, serial_undead_d, serial_undead_b, serial_undead_a,
          serial_undead_d, uniq_crazy_yiuf_cottage
D:5:      nicolae_dithmenos_shadow_blocks,
          chequers_temple_overflow_statue_of_worship,
          nicolae_tso_swordbearing_angel, nemelex_diamond_rough_becter
D:7:      minmay_temple_entry_grid
D:8:      the_bakery, minmay_misc_feat_roman, dk_noncrumbling_4,
          kennysheep_generic_room_8, uniq_psyche, uniq_prince_ribbit1
D:9:      lair_entry_dummy, serial_shops, shop, minmay_guarded_unrand_resistance
D:10:     uniq_joseph, uniq_josephine
D:12:     david_orc_3, kennysheep_generic_room_7, uniq_snorg, uniq_frances,
          uniq_sonja
D:13:     basic_altar, uniq_kirke
D:14:     david_vaults_2, lemuel_crystal_altar
D:15:     gammafunk_depths_entry_grave, patterned_corridor,
          makhleb_altar_promises_db
Temple:   regret_index_temple_waves
Lair:1:   serial_bayou_pond_d, hangedman_lair_generics_rect,
          serial_bayou_shore_a
Lair:3:   dpeg_oklob_gauntlet, wad_woods_06, st_stairs_3, guppyfry_lair_drakes
Lair:4:   swamp_mist_pool, dummy_snake_entry, grunt_megastairs_4,
          infiniplex_staircase_pool
Lair:5:   grunt_megastairs_5
Lair:6:   due_jungle_book, slime_altar_1, columned_hall_lemuel,
          lemuel_fruit_tree, serial_bayou_shore_b
Swamp:1:  nicolae_swamp_triple_paths
Swamp:2:  evilmike_swamp_ruin_house_3, uniq_jorgrun
Swamp:3:  nicolae_swamp_dense_foliage, uniq_nikola
Swamp:4:  swamp_icy, swamp_pool1
Snake:1:  uniq_asterion, uniq_donald
Snake:2:  serial_shops, shop, minmay_shop_grove
Snake:3:  serial_shops, shop, serial_bayou_pond_d, uniq_vashnia
Snake:4:  snake_pit, serial_shops, nicolae_shop_trees, uniq_aizul
Orc:2:    kennysheep_orc_mage_school, kennysheep_orc_chapel
Vaults:1: nicolae_vaults_bisected_exclaves, nicolae_vaults_network_periphery,
          ontoclasm_vaults_idyll, nicolae_vaults_circle_grid_b,
          vaults_dpeg_spiral, vaults_room_ringed_pool,
          nicolae_vaults_three_branches, ontoclasm_vaults_shuriken
Vaults:2: nicolae_vaults_diagonal_hallway_8, ontoclasm_vaults_tryst,
          vaults_room_boxed, vaults_room_grid, v_rooms_5,
          nicolae_vaults_bisected_slash, nicolae_vaults_network_square,
          hangedman_vaults_hat, nicolae_vaults_puzzle_piece, st_lines,
          vaults_room_octagon, nicolae_vaults_asterisk, vaults_dpeg_hooks,
          vaults_mumra_minichess_inversion, nicolae_vaults_circle_grid_a,
          nicolae_vaults_big_angled_halls, portal_desolation_entry_salt,
          uniq_sojobo, uniq_margery

Skill      XL: |  1  2  3  4  5  6  7  8  9 10 11 12 13 14 15 16 17 18 19 20 |
---------------+-------------------------------------------------------------+-----
Axes           | 3 4 5 6 8 9 11 14 15 16 17 18 19 20 21 22 23 | 23.0
Invocations    | 4 7 9 11 13 14 15 16 17 18 19 | 19.8
Fighting       | 5 7 9 11 12 13 15 16 17 18 | 18.6
Armour         | 5 7 9 10 11 13 14 15 16 17 | 17.6
Dodging        | 2 4 6 7 8 9 |  9.1
Shields        | |  3.2

Action                   |  1- 3 |  4- 6 |  7- 9 | 10-12 | 13-15 | 16-18 | 19-21 || total
-------------------------+-------+-------+-------+-------+-------+-------+-------++-------
Melee: War axe           |   122 |   142 |   427 |   201 |       |       |       ||   892
       Battleaxe         |       |       |       |   230 |   772 |  1045 |   383 ||  2430
       Morningstar       |       |       |       |     6 |    45 |    42 |       ||    93
Invok: Upheaval          |       |       |       |       |     2 |       |     2 ||     4
       Elemental Force   |       |       |       |       |       |     1 |       ||     1
Evoke: Wand              |       |       |       |     2 |       |       |       ||     2
  Use: Scroll            |       |       |       |    16 |    12 |     5 |     5 ||    38
       Potion            |       |       |       |     2 |       |     2 |       ||     4
 Stab: Distracted        |       |       |       |       |       |       |     1 ||     1
  Eat: Chunk             |       |     5 |    17 |    20 |    34 |    33 |    10 ||   119
       Fruit             |       |       |       |       |       |    11 |     2 ||    13
Armor: Scale mail        |    45 |    82 |   155 |   150 |   296 |   442 |    67 ||  1237
Dodge: Dodged            |    32 |    34 |    73 |   151 |   247 |   514 |   146 ||  1197
       Deflected         |       |       |       |       |    11 |   108 |    22 ||   141
Block: Shield            |    65 |    51 |   131 |    92 |       |       |       ||   339
       Other             |       |       |       |    40 |   276 |   554 |   129 ||   999
       Reflection        |       |       |       |       |    17 |    70 |    10 ||    97
